 Dungeon Crawl Stone Soup version 0.30.0 (webtiles) character file.

Game seed: 16214841296309837735

778 Conn the Sneak (level 7, -4/43 HPs)
             Began as an Octopode Fire Elementalist on May 6, 2023.
             Was a Follower of Sif Muna.
             Killed by divine providence
             ... invoked by an orc priest
              (14 damage)
             ... on level 5 of the Dungeon.
             The game lasted 00:11:45 (4469 turns).

Conn the Sneak (Octopode Fire Elementalist)         Turns: 4469, Time: 00:11:45

Health: -4/43      AC:  1    Str:  8    XL:     7   Next: 85%
Magic:  7/13       EV: 13    Int: 19    God:    Sif Muna [*.....]
Gold:   221        SH:  0    Dex: 12    Spells: 5/14 levels left

rFire   . . .        b - +2 short sword (venom)
rCold   . . .        (no shield)
rNeg    . . .        (helmet restricted)
rPois   .            j - amulet of regeneration
rElec   .            n - ring of flight
rCorr   .            (no ring)
SInv    .            (no ring)
Will    .....        (no ring)
Stlth   ++++         (no ring)
HPRegen 1.07/turn    (no ring)
MPRegen 0.13/turn    (no ring)
                     (no ring)

%: no passive effects
@: flying, very slightly contaminated
A: almost no armour, amphibious, 8 rings, camouflage 1, gelatinous body 1,
(nimble swimmer 1), tentacles
a: Renounce Religion, Channel Magic


You were on level 5 of the Dungeon.
You worshipped Sif Muna.
Sif Muna was aware of your devotion.
You visited 1 branch of the dungeon, and saw 5 of its levels.

You collected 221 gold pieces.

Inventory:

Hand Weapons
 b - a +2 short sword of venom (weapon)
 i - a +2 dagger of electrocution
Missiles
 h - 3 boomerangs of dispersal
 s - a throwing net
Jewellery
 j - an amulet of regeneration (around mantle)
 n - a ring of flight (left tentacle)
Wands
 t - a wand of iceblast (12)
Scrolls
 c - 2 scrolls of identify
 e - 5 scrolls of teleportation {unknown}
 g - a scroll of enchant weapon
 o - a scroll of fog {unknown}
 p - 2 scrolls of fear {unknown}
 r - a scroll of vulnerability
 u - 3 scrolls of poison
 y - 2 scrolls of butterflies {unknown}
Potions
 a - a potion of magic
 d - 3 potions of resistance
 f - a potion of brilliance {unknown}
 k - a potion of curing {unknown}
 l - a potion of experience {unknown}
 m - 2 potions of mutation {unknown}
 q - 2 potions of flight {unknown}
 v - a potion of lignification {unknown}
 w - 3 potions of ambrosia {unknown}
 x - a potion of attraction {unknown}
 z - a potion of might {unknown}


   Skills:
 + Level 1.3 Fighting
 + Level 2.5 Short Blades
 + Level 2.8 Dodging
 + Level 5.9 Stealth
 + Level 4.1 Spellcasting
 + Level 2.9 Conjurations
 + Level 0.2 Hexes
 + Level 5.0 Fire Magic


You had 5 spell levels left.
You knew the following spells:

 Your Spells              Type           Power      Damage    Failure   Level
a - Foxfire               Conj/Fire      76%        2x1d7     2%          1
b - Scorch                Fire           46%        2d7       2%          2
c - Inner Flame           Hex/Fire       13%        N/A       14%         3
d - Mephitic Cloud        Conj/Pois/Air  7%         N/A       26%         3

Your spell library contained the following spells:

 Spells                   Type           Power      Damage    Failure   Level
 Volatile Blastmotes      Fire/Tloc      26%        2d12      14%         3
 Poisonous Vapours        Pois/Air       6%         N/A       21%         2
 Flame Wave               Conj/Fire      19%        2d7       26%         4
 Freezing Cloud           Conj/Ice/Air   3%         6-21      94%         5


Dungeon Overview and Level Annotations

Branches:
Dungeon (5/15)
 Temple: D:4-7

Altars:
Okawaru
Sif Muna
Vehumet


Innate Abilities, Weirdness & Mutations

You cannot wear most types of armour.
You are amphibious.
You can wear up to eight rings at the same time.
Your skin changes colour to match your surroundings (Stealth+).
Your rubbery body absorbs attacks. (AC +1, EV +1)
((You are camouflaged when in or above water. (Stealth+)))
You have tentacles for arms and can constrict up to eight enemies at once.


Message History

That beam is likely to hit you.
Continue anyway?
You miscast Mephitic Cloud.
You are very lightly contaminated with residual magic.
Nothing appears to happen.
The orc shouts!
You constrict the orc warrior. The orc warrior closely misses you.
Casting: Mephitic Cloud (quite dangerous; 26% risk of failure)
Confirm with . or Enter, or press ? or * to list all spells.
The spell is quite dangerous to miscast (26% risk of failure)!
Continue anyway?
Aiming: Mephitic Cloud (quite dangerous; 26% risk of failure)
Press: ? - help, Shift-Dir - straight line, f/p - orc warrior
Aim: an orc warrior, wielding a +0 hand axe and wearing a +0 plate armour (moderately wounded, constricted by you, extremely poisoned, chance to affect: 81%) That beam is likely to hit you.
Continue anyway?
The ball explodes into a vile cloud!
The stinking cloud engulfs the orc warrior but does no damage.
The orc warrior is moderately wounded.
The stinking cloud engulfs you but does no damage.
You are engulfed in noxious fumes.
You choke on the stench!
You are confused.
You constrict the orc warrior, but do no damage.
The orc warrior is engulfed in noxious fumes.
The orc warrior appears confused.
The orc warrior hits you with a +0 hand axe!
* * * LOW HITPOINT WARNING * * *
An orc priest comes into view. It is wielding a +0 falchion.
Unknown command.
Unknown command.
Unknown command.
You release your grip on the orc warrior.
The orc warrior is engulfed in noxious fumes.
The orc warrior appears confused.
You bump into the stone wall.
You feel less confused.
The orc warrior is engulfed in noxious fumes.
The orc warrior appears confused.
An orc comes into view. It is wielding a +0 club.
The orc misses you.
The orc priest calls down the wrath of Beogh upon you.
Beogh smites you!
You die...

##.##### ##..<....
##.#.#.### ##
######.##.##.##
##o###.##............
#8○#.#o8####.##.##.##
#.o°).######.#.#.#..
#°○°o)#..# ##.......
###@####.# ##.#.#.#
#..# #.# #.#.... #.##
#.# #...... #.#####.#
#.#....
#.......#####.#.#..
#######.......#....
######..........#.
#..>...#######....
#.###...# ###.#.#


You could see an orc warrior (confused, very poisoned), an orc priest and 2
orcs.

Vanquished Creatures
  3 ogres (D:5)
  A scorpion (D:5)
  2 hounds (D:5)
  2 orc priests
  2 iguanas (D:4)
  Ijyb (D:5)
  3 orc wizards (D:4)
  Robin (D:2)
  5 adders
  An ufetubus (D:5)
  A worm (D:3)
  3 dart slugs
  11 orcs
  6 ball pythons
  An endoplasm (D:4)
  2 giant cockroaches
  18 goblins
  12 hobgoblins
  5 jackals
  5 quokkas
  4 bats
  2 frilled lizards
  4 kobolds
  5 rats
100 creatures vanquished.

Vanquished Creatures (others)
  An orc wizard (D:4)
  194 foxfires
195 creatures vanquished.

Grand Total: 295 creatures vanquished

Notes
Turn   | Place    | Note
-------+----------+-------------------------------------------
     0 | D:1      | Conn the Octopode Fire Elementalist began the quest for the
                  | Orb.
     0 | D:1      | Reached XP level 1. HP: 11/11 MP: 3/3
   267 | D:1      | Reached XP level 2. HP: 17/17 MP: 0/5
  1274 | D:2      | Reached XP level 3. HP: 21/21 MP: 0/6
  1277 | D:2      | Learned a level 2 spell: Scorch
  1281 | D:2      | Learned a level 3 spell: Inner Flame
  1704 | D:2      | Noticed Robin
  1707 | D:2      | Reached XP level 4. HP: 26/27 MP: 3/7
  1788 | D:2      | Killed Robin
  2529 | D:3      | Found a shimmering blue altar of Sif Muna.
  2536 | D:3      | Became a worshipper of Sif Muna the Loreminder
  2672 | D:3      | Found a radiant altar of Vehumet.
  2928 | D:4      | Reached XP level 5. HP: 17/31 MP: 6/9
  3240 | D:4      | Learned a level 3 spell: Mephitic Cloud
  3286 | D:4      | Reached skill level 1 in Short Blades
  3379 | D:4      | Reached XP level 6. HP: 37/37 MP: 3/10
  3397 | D:4      | Reached skill level 5 in Stealth
  3817 | D:4      | Found an iron altar of Okawaru.
  3876 | D:5      | Entered Level 5 of the Dungeon
  3888 | D:5      | Noticed Ijyb
  3898 | D:5      | Reached skill level 1 in Fighting
  3901 | D:5      | Reached XP level 7. HP: 26/43 MP: 0/12
  3902 | D:5      | Killed Ijyb
  4454 | D:5      | Reached * piety under Sif Muna
  4463 | D:5      | Reached skill level 5 in Fire Magic
  4469 | D:5      | Killed from afar by an orc priest

Illustrated notes

Levels and vault maps discovered:
D:1:      wander_arrival_estate, layout_basic
D:2:      layout_basic, kennysheep_generic_room_16, uniq_robin
D:3:      layout_loops_ring, vehumet_crystals, lemuel_crystal_altar
D:4:      layout_cave_pods, kennysheep_okawaru_gauntlet
D:5:      layout_loops_ring, pf_guarded_unrand_meek, uniq_ijyb

Skill      XL: |  1  2  3  4  5  6  7 |
---------------+----------------------+-----
Stealth        | 3 4 5 |  5.9
Fire Magic     | 4 5 |  5.0
Conjurations   | 2 |  2.9
Short Blades   | 1 2 |  2.5
Spellcasting   | 3 4 |  4.1
Fighting       | 1 |  1.3
Dodging        | |  2.8
Hexes          | |  0.2

Action                     |  1- 3 |  4- 6 |  7- 9 || total
---------------------------+-------+-------+-------++-------
  Melee: Short sword       |    16 |    63 |    20 ||    99
         Tentacles         |     4 |    13 |     8 ||    25
         Constrict         |     3 |    14 |     6 ||    23
   Cast: Foxfire           |    42 |    49 |    23 ||   114
         Scorch            |       |     5 |     1 ||     6
         Inner Flame       |       |     1 |     1 ||     2
         Mephitic Cloud    |       |       |     1 ||     1
    Use: Potion            |       |     3 |       ||     3
         Scroll            |       |     4 |       ||     4
   Stab: Sleeping          |     7 |    10 |     2 ||    19
 Armour: Skin              |     1 |     3 |     1 ||     5
  Dodge: Dodged            |     7 |    38 |    17 ||    62
